 Dungeon Crawl Stone Soup version 0.31-a0-4-gefa6de2278 (webtiles) character file.

Game seed: 630945797558829540

7863 Demosthentine the Fighter (level 11, -8/77 HPs)
             Began as a Demonspawn Gladiator on May 4, 2023.
             Was a Follower of Hepliaklqana.
             Mangled by a freezing wraith (17 damage)
             ... on level 9 of the Dungeon.
             The game lasted 00:10:00 (7303 turns).

Demosthentine the Fighter (Demonspawn Gladiator)    Turns: 7303, Time: 00:10:01

Health: -8/77      AC: 15    Str: 17    XL:     11   Next: 2%
Magic:  15/15      EV: 17    Int:  9    God:    Hepliaklqana [*.....]
Gold:   624        SH:  8    Dex: 23    Spells: 10/10 levels left

rFire   . . .        i - +2 trident (freeze)
rCold   . . .        j - +2 buckler
rNeg    . . .        a - +3 leather armour
rPois   .            c - +1 helmet
rElec   .            (no cloak)
rCorr   .            n - +0 pair of gloves
SInv    +            s - +2 pair of boots
Will    .....        (no amulet)
Stlth   ++           h - +6 ring of dexterity
HPRegen 0.32/turn    f - ring of see invisible
MPRegen 0.14/turn

%: no passive effects
@: mighty
A: reduced essence, icy blue scales 1, powered by death 1, demonic magic 2,
weakness stinger 2
a: Renounce Religion, Recall Ancestor, Ancestor Identity


You were on level 9 of the Dungeon.
You worshipped Hepliaklqana.
Hepliaklqana was aware of your devotion.
You visited 2 branches of the dungeon, and saw 10 of its levels.

You collected 624 gold pieces.

Inventory:

Hand Weapons
 i - a +2 trident of freezing (weapon)
Missiles
 d - a throwing net (quivered)
 e - a javelin
 r - 2 boomerangs
Armour
 a - a +3 leather armour (worn)
 c - a +1 helmet (worn)
 j - a +2 buckler (worn)
 n - a +0 pair of gloves (worn)
 s - a +2 pair of boots (worn)
 y - the +0 leather armour "Wesius Narch" {Regen+ Int+2 Dex-5}
   (You found it on level 9 of the Dungeon)

   Int:       It affects your intelligence (+2).
   Dex:       It affects your dexterity (-5).
   Regen:     It increases your rate of health regeneration.
Jewellery
 f - a ring of see invisible (right hand)
 h - a +6 ring of dexterity (left hand)
 v - a ring of flight
Wands
 g - a wand of quicksilver (19)
 l - a wand of flame (24)
Scrolls
 b - 2 scrolls of blinking
 k - 2 scrolls of brand weapon
 o - a scroll of fear
 t - a scroll of enchant armour
 w - a scroll of teleportation
 A - a scroll of amnesia
Potions
 m - a potion of might
 p - a potion of mutation
 q - a potion of attraction
 u - a potion of flight {unknown}
 x - 2 potions of curing {unknown}
 z - 2 potions of degeneration {unknown}


   Skills:
 + Level 8.3 Fighting
 + Level 7.8 Polearms
 - Level 1.7 Throwing
 - Level 5.8 Armour
 + Level 7.8 Dodging
 - Level 5.4 Shields
 + Level 5.6 Invocations


You had 10 spell levels left.
You didn't know any spells.
Your spell library contained the following spells:

 Spells                   Type           Power      Damage    Failure   Level
 Sandblast                Erth           0%         2d4       52%         1
 Passwall                 Tmut/Erth      0%         N/A       65%         2
 Dazzling Flash           Conj/Hex       0%         N/A       87%         3
 Ignite Poison            Fire/Tmut/Pois 0%         N/A       87%         3
 Portal Projectile        Hex/Tloc       0%         N/A       87%         3
 Stone Arrow              Conj/Erth      0%         3d7       87%         3
 Tukima's Dance           Hex            0%         N/A       87%         3
 Volatile Blastmotes      Fire/Tloc      0%         2d10      87%         3
 Iskenderun's Mystic Bla  Conj/Tloc      0%         2d3       99%         4
 Sticky Flame             Conj/Fire      0%         2d3       99%         4
 Blade Hands              Tmut           0%         N/A       100%        5
 Starburst                Conj/Fire      0%         6d3       100%        6
 Ignition                 Fire           0%         3d3       100%        8


Dungeon Overview and Level Annotations

Branches:
Dungeon (9/15)             Temple (1/1) D:5
   Lair: D:8-11         Orc: D:9-12

Altars:
Ashenzari
Cheibriados
Dithmenos
Fedhas
Gozag
Hepliaklqana
Kikubaaqudgha
Makhleb
Nemelex Xobeh
Okawaru
Qazlal
Ru
Sif Muna
Trog
Uskayaw
Vehumet
Wu Jian
Xom
Yredelemnul

Shops:
D:8 :


Innate Abilities, Weirdness & Mutations

Your life essence is reduced to manifest your ancestor. (-10% HP)
You are partially covered in icy blue scales. (AC +2)
You regenerate a little health from kills.
Spells you cast may paralyse nearby enemies.
You have a tail ending in a sharp stinger.


Message History

You are too injured to fight recklessly!
You are too injured to fight recklessly!
You are too injured to fight recklessly!
You are too injured to fight recklessly!
You puncture the manticore! You freeze the manticore.
You tail-slap the manticore.
You kill the manticore!
You have reached level 11!
The freezing wraith attacks as you move away!
The freezing wraith hits you. The freezing wraith freezes you!
* * * LOW HITPOINT WARNING * * *
You block the freezing wraith's attack.
Merenptah hits the freezing wraith.
Reach: i) +2 trident (freeze)
Press: ? - help, Dir - move target, f - freezing wraith
Aim: a freezing wraith (lightly damaged, ally target, about 29% to evade your +2 trident of freezing)
You puncture the freezing wraith!
The freezing wraith is moderately damaged.
The freezing wraith hits you but does no damage.
The freezing wraith barely misses you.
Merenptah hits the freezing wraith but does no damage.
You puncture the freezing wraith!
Your tail-slap misses the freezing wraith.
The freezing wraith is heavily damaged.
The freezing wraith misses you. You block the freezing wraith's attack.
Merenptah hits the freezing wraith but does no damage.
You puncture the freezing wraith!
The freezing wraith is severely damaged.
The freezing wraith closely misses you. You block the freezing wraith's attack.
Merenptah hits the freezing wraith but does no damage.
You closely miss the freezing wraith.
The freezing wraith is severely damaged.
The freezing wraith completely misses you.
You block the freezing wraith's attack.
Merenptah hits the freezing wraith but does no damage.
You puncture the freezing wraith!
The freezing wraith is almost destroyed.
The freezing wraith hits you.
* * * LOW HITPOINT WARNING * * *
The freezing wraith freezes you!
You die...

##.##..####...##
#.#.##....######
##...##..#.R..##.
#.###.######.##.#
##.....##..#..###.
#.#####.##.#.##..#
##.......##...##.#.
#R#######.##.##...#
#W@.......##.##..#(
#c#########'##'##'##
#. #...#.#...##)##..
#c #.#.#.#†#.##.##.#
#u ###.....###...###
#y #...)...###.###.
#C ####.####.#.#.##
:[ #...).##.#.#.##
##.#.##..#.#..#


You could see the friendly Merenptah the ancestor, a centaur warrior and a
freezing wraith (ally target).

Vanquished Creatures
  A death knight (D:9)
  The ghost of turdburglar the Cleaver, a novice HOFi of Makhleb (D:6)
  A manticore (D:9)
  Grinder (D:3)
  A hornet (D:7)
  Sigmund (D:2)
  A shadow (D:9)
  2 wraiths (D:9)
  6 yaks (D:9)
  A vampire mosquito (D:9)
  A warg (D:6)
  2 orc warriors (D:6)
  A sky beast (D:7)
  A black bear (D:7)
  2 ogres
  2 centaurs
  A kobold brigand (D:9)
  2 bullfrogs
  2 scorpions (D:4)
  A gnoll sergeant (D:8)
  16 wights
  9 killer bees
  A howler monkey (D:4)
  Crazy Yiuf (D:5)
  A jelly (D:4)
  4 orc priests
  A gnoll bouda (D:9)
  4 hounds
  Jessica (D:3)
  2 iguanas
  A sleepcap (D:4)
  Natasha (thrice) (D:2)
  3 orc wizards
  7 adders
  6 gnolls
  A shadow imp (D:5)
  3 white imps
  3 worms (D:2)
  3 dart slugs
  19 orcs
  5 endoplasms
  3 giant cockroaches
  3 goblins
  3 hobgoblins
  8 jackals
  4 quokkas
  9 ball pythons
  4 bats
  4 frilled lizards
  10 kobolds
  12 rats
185 creatures vanquished.

Vanquished Creatures (collateral kills)
  A deep elf pyromancer (D:9)
  A steam dragon (D:9)
  A black bear (D:6)
  An ice beast (D:7)
  2 orc warriors
  A kobold brigand (D:9)
  4 wights
  A killer bee (D:8)
  3 orc wizards
  An orc (D:7)
16 creatures vanquished.

Vanquished Creatures (others)
  4 ancestors
  5 plants (D:1)
9 creatures vanquished.

Grand Total: 210 creatures vanquished

Notes
Turn   | Place    | Note
-------+----------+-------------------------------------------
     0 | D:1      | Demosthentine the Demonspawn Gladiator began the quest for
                  | the Orb.
     0 | D:1      | Reached XP level 1. HP: 16/16 MP: 1/1
     0 | D:1      | Noticed a dwarf
     1 | D:1      | Noticed a ghoul
     5 | D:1      | Noticed a vine stalker
     6 | D:1      | Noticed a dwarf
     8 | D:1      | Noticed a gargoyle
    10 | D:1      | Noticed a vine stalker
    14 | D:1      | Noticed a barachi
    16 | D:1      | Noticed a barachi
    16 | D:1      | Noticed a troll
    18 | D:1      | Noticed a barachi
    18 | D:1      | Noticed a troll
    20 | D:1      | Noticed a demonspawn
   188 | D:1      | Gained mutation: Spells you cast may paralyse adjacent
                  | enemies. [demonic ancestry]
   188 | D:1      | Reached XP level 2. HP: 22/22 MP: 2/2
   458 | D:1      | Reached skill level 1 in Armour
   498 | D:1      | Gained mutation: You regenerate a little health from kills.
                  | [demonic ancestry]
   498 | D:1      | Reached XP level 3. HP: 28/28 MP: 3/3
   909 | D:2      | Noticed Natasha
   916 | D:2      | Killed Natasha
   917 | D:2      | Reached XP level 4. HP: 20/34 MP: 4/4
  1098 | D:2      | Noticed Sigmund
  1108 | D:2      | Killed Sigmund
  1109 | D:2      | Reached skill level 3 in Fighting
  1109 | D:2      | Reached skill level 1 in Shields
  1109 | D:2      | Gained mutation: You are partially covered in icy blue
                  | scales. (AC +2) [demonic ancestry]
  1109 | D:2      | Reached XP level 5. HP: 39/41 MP: 5/5
  1109 | D:2      | Gained mutation: You have a small tail. [demonic ancestry]
  1109 | D:2      | Reached XP level 6. HP: 44/47 MP: 6/6
  1320 | D:2      | Noticed Natasha
  1337 | D:2      | Killed Natasha
  1357 | D:2      | Noticed Natasha
  1364 | D:2      | Killed Natasha
  1578 | D:3      | Found an ancient bone altar of Kikubaaqudgha.
  1633 | D:3      | Noticed Grinder
  1642 | D:3      | Paralysed by Grinder for 4 turns
  1644 | D:3      | Killed Grinder
  1645 | D:3      | Gained mutation: Spells you cast may paralyse nearby
                  | enemies. [demonic ancestry]
  1645 | D:3      | Reached XP level 7. HP: 49/53 MP: 7/7
  1778 | D:3      | Noticed Jessica
  1788 | D:3      | Killed Jessica
  1789 | D:3      | Reached skill level 4 in Fighting
  2495 | D:5      | Entered Level 5 of the Dungeon
  2657 | D:5      | Gained mutation: You have a tail ending in a sharp stinger.
                  | [demonic ancestry]
  2657 | D:5      | Reached XP level 8. HP: 61/61 MP: 8/8
  2795 | D:5      | Found an iron altar of Okawaru.
  2804 | D:5      | Found a sparkling altar of Nemelex Xobeh.
  2842 | D:5      | Found an opulent altar of Gozag.
  3007 | D:5      | Found a staircase to the Ecumenical Temple.
  3028 | Temple   | Entered the Ecumenical Temple
  3077 | Temple   | Became a worshipper of Hepliaklqana the Forgotten
  3475 | D:5      | Found a runed translucent door.
  3476 | D:5      | Noticed Crazy Yiuf
  3562 | D:5      | Killed Crazy Yiuf
  3744 | D:6      | Reached skill level 5 in Fighting
  3777 | D:6      | Reached skill level 5 in Polearms
  3777 | D:6      | Reached skill level 5 in Dodging
  3969 | D:6      | Found a runed translucent gate.
  3969 | D:6      | Found a runed translucent gate.
  3969 | D:6      | Found a runed translucent gate.
  3977 | D:6      | You fall into a shaft and drop 1 floor!
  4053 | D:6      | Identified the +0 robe of Bellicose Joy {rF++ Dex+3}
  4073 | D:6      | Noticed turdburglar's ghost (novice HOFi)
  4381 | D:6      | Reached * piety under Hepliaklqana
  4600 | D:6      | Reached XP level 9. HP: 39/62 MP: 9/9
  4618 | D:6      | HP: 3/62 [turdburglar's ghost (15)]
  4641 | D:6      | Killed turdburglar's ghost
  4642 | D:6      | Reached skill level 6 in Fighting
  4642 | D:6      | Reached skill level 5 in Armour
  4770 | D:7      | Found a shimmering altar of Xom.
  5016 | D:7      | Reached skill level 5 in Shields
  5352 | D:7      | Found a shadowy altar of Dithmenos.
  5411 | D:7      | Reached XP level 10. HP: 44/69 MP: 10/10
  5571 | D:7      | Found a blossoming altar of Fedhas.
  5863 | D:8      | Reached skill level 7 in Fighting
  5863 | D:8      | Reached skill level 1 in Invocations
  6141 | D:8      | Found a snail-covered altar of Cheibriados.
  6195 | D:8      | Found Plog's Book Emporium.
  6227 | D:8      | Identified the +1 robe of the Wasteland {Harm +Inv rF-
                  | Int+5}
  6870 | D:9      | Found an ornate altar of the Wu Jian Council.
  6939 | D:9      | Noticed a death knight
  6978 | D:9      | Killed a death knight
  7128 | D:9      | Reached skill level 8 in Fighting
  7148 | D:9      | Identified the +0 leather armour "Wesius Narch" {Regen+
                  | Int+2 Dex-5}
  7176 | D:9      | Reached skill level 5 in Invocations
  7277 | D:9      | Noticed a deep elf pyromancer
  7277 | D:9      | Noticed a manticore
  7287 | D:9      | Killed a deep elf pyromancer
  7292 | D:9      | Noticed a purple ugly thing
  7292 | D:9      | Noticed a centaur warrior
  7292 | D:9      | Noticed a cyclops
  7295 | D:9      | Noticed a purple ugly thing
  7297 | D:9      | Killed a manticore
  7298 | D:9      | Reached XP level 11. HP: 32/77 MP: 15/15
  7303 | D:9      | Mangled by a freezing wraith

Illustrated notes

Levels and vault maps discovered:
D:1:      shiori_arrival_whats_in_store_for_you, layout_rooms,
          serial_bayou_pond_a, hex_medium, chequers_serial_rivers_small_3,
          lexackson_kobold_supper
D:2:      layout_basic, uniq_natasha, uniq_sigmund
D:3:      layout_rooms, mainiacjoe_overflow_six_doors_small, uniq_jessica,
          uniq_grinder
D:4:      layout_rooms
D:5:      layout_loops_cross, amethyst_overflow_temple_binary,
          nicolae_gozag_cash_rules_everything_around_me,
          minmay_temple_entry_glass, uniq_crazy_yiuf_cottage
D:6:      layout_loops_ring, biasface_ghost_orc_armoury
D:7:      layout_loops_ring, xom_teletrap_fun, mainiacjoe_overflow_brackets,
          kennysheep_mini_moat, hangedman_decor_points
D:8:      layout_basic, old_standard_altar, serial_shops,
          nicolae_book_shop_shelving
D:9:      minmay_the_grid_triangle_9x9_rhombus_full
          [minmay_the_grid_triangle_9x9_warning,
          minmay_the_grid_triangle_9x9_from_above,
          minmay_the_grid_triangle_9x9_sprig,
          minmay_the_grid_triangle_9x9_zippers_vertical,
          minmay_the_grid_triangle_9x9_corrupted_corridor,
          minmay_the_grid_triangle_9x9_flanged_cone,
          minmay_the_grid_triangle_9x9_alien,
          minmay_the_grid_triangle_9x9_prize_center], layout_loops_cross,
          marbit_many_paths, dreamdust_gnoll_shepherd, uniq_erolcha
Temple:   compressed_dpeg_triangle_lava_temple

Skill      XL: |  1  2  3  4  5  6  7  8  9 10 |
---------------+-------------------------------+-----
Polearms       | 3 4 5 6 7 |  7.8
Dodging        | 3 4 5 6 7 |  7.8
Armour         | 1 2 3 4 5 |  5.8
Fighting       | 3 4 5 6 8 |  8.3
Shields        | 1 2 3 4 5 |  5.4
Invocations    | 5 |  5.6
Throwing       | |  1.7

Action                     |  1- 3 |  4- 6 |  7- 9 | 10-12 || total
---------------------------+-------+-------+-------+-------++-------
  Melee: Trident           |   130 |    75 |   374 |   250 ||   829
         Punch             |     2 |     1 |     3 |       ||     6
         Tailslap          |       |     4 |    53 |    31 ||    88
  Throw: Throwing net      |       |       |     2 |     3 ||     5
    Use: Scroll            |     1 |     6 |     9 |     1 ||    17
         Potion            |       |     1 |     4 |     3 ||     8
   Stab: Sleeping          |     1 |     1 |     5 |       ||     7
         Distracted        |       |       |     3 |     2 ||     5
         Held in net/web   |       |       |     2 |     3 ||     5
 Armour: Leather armour    |    32 |    15 |   125 |    67 ||   239
  Dodge: Dodged            |    91 |    38 |   271 |   175 ||   575
  Block: Buckler           |       |       |       |    99 ||    99

Table legend: (Time is in decaauts)
 A = Elapsed time spent in this place.
 B = Non-inter-level travel time spent in this place.
 C = Inter-level travel time spent in this place.
 D = Time resting spent in this place.
 E = Time spent auto-exploring this place.
 F = Levels seen in this place.
 G = Mean time per level.
                   A        B        C        D        E       F      G
               +--------+--------+--------+--------+--------+-----+--------+
         Total |   7337 |   7160 |    177 |    237 |   5221 |  10 |  733.7 |
       Dungeon |   7080 |   6904 |    176 |    237 |   4990 |   9 |  786.7 |
        Temple |    257 |    257 |      0 |      0 |    231 |   1 |  257.0 |
               +--------+--------+--------+--------+--------+-----+--------+

Top non-repeatable levels by time:
     D:6: 1138 daAuts
     D:5: 950 daAuts
     D:8: 940 daAuts
     D:7: 926 daAuts
     D:2: 786 daAuts
     D:1: 782 daAuts
     D:9: 585 daAuts
     D:3: 524 daAuts
     D:4: 446 daAuts
  Temple: 257 daAuts
